General information
			
			
        
        - name: 2v2 w obs #2
 
        - type: Custom game
 
        - host: Prchmnky4lf
 
        - saver: TIMG4STRok
 
        
map: TwistedMeadows 
        - players: 12
 
        - length: 11:06
 
        - speed: Fast
 - version: 1.22 W3XP
 - replay type:  

 
» download(108 KB)
Players
        team 1 (winner) 
              
              
» 
TIMG4STRok (
gray | 155 APM | 1716 actions | 11:06)
              
 3 Demon Hunter 
 2 Mana Burn
 1 Evasion
 
                » actions 
                
                | Assign group hotkey | 20 |  | 
| Basic commands | 74 |  | 
| Build / train | 29 |  | 
| ESC pressed | 1 |  | 
| Enter build submenu | 18 |  | 
| Enter hero's abilities submenu | 3 |  | 
| Right click | 925 |  | 
| Select / deselect | 168 |  | 
| Select group hotkey | 440 |  | 
| Use ability | 38 |  | 
                1716 total
 » units 
                » buildings
                
                | Altar of Elders | 2 |  | 
| Moon Well | 7 |  | 
| Hunter's Hall | 1 |  | 
| Ancient of War | 2 |  | 
| Ancient Protector | 5 |  | 
| Tree of Ages | 2 |  | 
| Tree of Life | 1 |  | 
                20 total
 » build order
                00:04 Altar of Elders
00:05 Altar of Elders
00:17 Moon Well
01:38 Hunter's Hall
01:51 Ancient of War
02:21 Ancient of War
02:22 Moon Well
02:48 Moon Well
05:16 Moon Well
05:32 Ancient Protector
05:45 Ancient Protector
06:11 Moon Well
06:57 Ancient Protector
07:46 Moon Well
08:05 Moon Well
08:14 Tree of Ages
08:14 Tree of Ages
08:58 Tree of Life
10:04 Ancient Protector
10:04 Ancient Protector
» items
                 
               
              
              
» 
NgG.LeGenD (
green | 103 APM | 1139 actions | 11:05)
              
 2 Demon Hunter 
 1 Mana Burn
 1 Evasion
 
                » actions 
                
                | Assign group hotkey | 11 |  | 
| Basic commands | 27 |  | 
| Build / train | 39 |  | 
| ESC pressed | 1 |  | 
| Enter build submenu | 23 |  | 
| Enter hero's abilities submenu | 2 |  | 
| Right click | 563 |  | 
| Select / deselect | 213 |  | 
| Select group hotkey | 215 |  | 
| Use ability | 45 |  | 
                1139 total
 » units 
                » buildings
                
                | Altar of Elders | 1 |  | 
| Moon Well | 4 |  | 
| Ancient of War | 2 |  | 
| Hunter's Hall | 1 |  | 
| Ancient Protector | 7 |  | 
| Tree of Ages | 2 |  | 
| Tree of Life | 1 |  | 
                18 total
 » build order
                00:13 Altar of Elders
00:26 Moon Well
01:57 Ancient of War
01:59 Hunter's Hall
02:20 Ancient of War
02:44 Moon Well
02:47 Moon Well
03:31 Moon Well
05:23 Ancient Protector
05:24 Ancient Protector
05:42 Ancient Protector
06:45 Ancient Protector
06:48 Ancient Protector
06:52 Ancient Protector
06:53 Ancient Protector
08:31 Tree of Ages
08:31 Tree of Ages
09:14 Tree of Life
» items
                 
               team 2 (loser) 
              
              
» 
MpU]Lucifer (
dark-green | 127 APM | 1349 actions | 10:38)
              
 3 Firelord 
 2 Summon Lava Spawn
 1 Incinerate
 
                » actions 
                
                | Assign group hotkey | 68 |  | 
| Basic commands | 12 |  | 
| Build / train | 28 |  | 
| Enter build submenu | 10 |  | 
| Enter hero's abilities submenu | 3 |  | 
| Remove unit from queue | 2 |  | 
| Right click | 667 |  | 
| Select / deselect | 233 |  | 
| Select group hotkey | 292 |  | 
| Use ability | 34 |  | 
                1349 total
 » units 
                
                | Acolyte | 2 |  | 
| Ghoul | 4 |  | 
| Crypt Fiend | 8 |  | 
| Meatwagon | 3 |  | 
                17 total
 » buildings
                
                | Altar of Darkness | 1 |  | 
| Crypt | 2 |  | 
| Ziggurat | 4 |  | 
| Tomb of Relics | 1 |  | 
| Nerubian Tower | 1 |  | 
| Halls of the Dead | 1 |  | 
| Graveyard | 1 |  | 
| Slaughterhouse | 1 |  | 
                12 total
 » build order
                00:04 Altar of Darkness
00:05 Crypt
00:31 Ziggurat
00:52 Tomb of Relics
01:31 Nerubian Tower
02:43 Halls of the Dead
02:47 Ziggurat
02:59 Graveyard
03:55 Crypt
05:30 Slaughterhouse
06:50 Ziggurat
08:35 Ziggurat
» items
                
                | Rod of Necromancy | 2 |  | 
| Dust of Appearance | 1 |  | 
                3 total
  
               
              
              
» 
N[o]Va (
light-blue | 127 APM | 1409 actions | 11:05)
              
 3 Blademaster 
 2 Wind Walk
 1 Critical Strike
 
                » actions 
                
                | Assign group hotkey | 17 |  | 
| Basic commands | 12 |  | 
| Build / train | 19 |  | 
| ESC pressed | 2 |  | 
| Enter build submenu | 8 |  | 
| Enter hero's abilities submenu | 3 |  | 
| Give item / drop item | 1 |  | 
| Right click | 1140 |  | 
| Select / deselect | 124 |  | 
| Select group hotkey | 54 |  | 
| Use ability | 29 |  | 
                1409 total
 » units 
                » buildings
                
                | Altar of Storms | 1 |  | 
| Orc Burrow | 3 |  | 
| Barracks | 1 |  | 
| Voodoo Lounge | 1 |  | 
| Stronghold | 1 |  | 
| War Mill | 1 |  | 
                8 total
 » build order
                00:08 Altar of Storms
00:19 Orc Burrow
00:34 Barracks
01:32 Orc Burrow
01:48 Voodoo Lounge
03:06 Stronghold
04:09 Orc Burrow
04:16 War Mill
» items
                
                | Boots of Speed | 1 |  | 
| Staff of Teleportation | 1 |  | 
| Potion of Healing | 1 |  | 
| Scroll of Town Portal | 1 |  | 
                4 total
  
               observersPrchmnky4lf, 
ITY, 
GamE.OveR, 
RTdude, 
tiny5, 
cneto, 
SiLeNtSeR, 
nagapleaseee Chat log
          (00:12 / All) N[o]Va: FUCKING IMBA
(00:14 / Allies) TIMG4STRok: ugh
(00:14 / All) NgG.LeGenD: wtf
(00:16 / All) NgG.LeGenD: yall cant ask if im here
(00:17 / All) NgG.LeGenD: -_-
(00:21 / All) MpU]Lucifer: it just started
(00:22 / All) MpU]Lucifer: >.>
(00:24 / Allies) TIMG4STRok: what do you want to do
(00:28 / All) N[o]Va: IM IMBA LEAVE
(00:29 / All) NgG.LeGenD: meh still lawl
(00:33 / All) N[o]Va: I'll call to arms you bitches
(00:33 / All) NgG.LeGenD: maybe i wanted to pick race
(00:44 / All) MpU]Lucifer: that would be cheating
(00:47 / All) MpU]Lucifer: Everyone went random ;O
(00:51 / All) NgG.LeGenD: oo kk
(00:54 / All) N[o]Va: AND I GOT LUCKY
(00:55 / All) N[o]Va: !
(01:04 / Allies) NgG.LeGenD: um so
(01:06 / Allies) NgG.LeGenD: whats plan6
(01:09 / Allies) NgG.LeGenD: ima dh 1 aoaw
(01:10 / All) N[o]Va: Nice elf
(01:12 / Allies) TIMG4STRok: hunts maybe
(01:13 / Allies) TIMG4STRok: idk
(01:40 / Allies) NgG.LeGenD: ghouls >.>
(01:57 / Allies) TIMG4STRok: want me to dual rax
(02:02 / Allies) NgG.LeGenD: sure
(02:18 / All) MpU]Lucifer: owned
(03:00 / Allies) TIMG4STRok: fl
(04:35 / Allies) NgG.LeGenD: let spush
(04:39 / Allies) NgG.LeGenD: tower
(04:45 / All) N[o]Va: nice
(05:44 / All) N[o]Va: ok ok this is cheesing it
(05:56 / Allies) NgG.LeGenD: archer
(07:42 / All) MpU]Lucifer: 4;30
(08:36 / Allies) TIMG4STRok: siege?
(08:37 / Allies) NgG.LeGenD: t3?
(08:43 / Allies) NgG.LeGenD: prolly aboms dest
(08:50 / Allies) TIMG4STRok: wagon
(09:31 / All) MpU]Lucifer: lol
(09:34 / All) MpU]Lucifer: BOOO
(10:31 / All) MpU]Lucifer: gg
(10:42 / All) TIMG4STRok: gg
(10:48 / All) NgG.LeGenD: GG
(10:49 / All) N[o]Va: gg